 Dungeon Crawl Stone Soup version 0.23.2-1-ga50397a (webtiles) character file.

Game seed: 17024557939105412879

5181 Fang the Fighter (level 10, -3/66 HPs)
             Began as a Gargoyle Berserker on Apr 29, 2019.
             Was an Elder of Trog.
             Slain by a slime creature (11 damage)
             ... on level 8 of the Dungeon.
             The game lasted 00:08:56 (8415 turns).

Fang the Fighter (Gargoyle Berserker)               Turns: 8415, Time: 00:08:57

Health: -3/66      AC: 21    Str: 23    XL:     10   Next: 60%
Magic:  10/10      EV:  9    Int:  9    God:    Trog [****..]
Gold:   519        SH:  0    Dex:  9    Spells: 9/9 levels left

rFire    . . .     SeeInvis .   a - +0 hand axe
rCold    + . .     Gourm    .   (no shield)
rNeg     + . .     Faith    .   b - +0 plate armour
rPois    ∞         Spirit   .   (no helmet)
rElec    +         Reflect  .   (no cloak)
rCorr    .         Harm     .   (no gloves)
MR       .....                  (no boots)
Stlth    ..........             (no amulet)
HPRegen  0.21/turn              q - ring of protection from cold
MPRegen  0.12/turn              (no ring)

@: berserk cooldown, slowed, very slow
A: negative energy resistance 1, electricity resistance, unbreathing,
petrification resistance, rot immunity, AC +7
a: Berserk, Trog's Hand, Brothers in Arms, Renounce Religion


You were on level 8 of the Dungeon.
You worshipped Trog.
Trog was greatly pleased with you.
You were very hungry.

You visited 2 branches of the dungeon, and saw 9 of its levels.

You collected 519 gold pieces.

Inventory:

Hand Weapons
 a - a +0 hand axe (weapon)
Armour
 b - a +0 plate armour (worn)
Jewellery
 p - an uncursed ring of magical power {unknown}
 q - a ring of protection from cold (left hand)
Wands
 u - a wand of digging (4)
 x - a wand of acid (9)
 y - a wand of random effects (15)
 B - a wand of flame (29)
Scrolls
 d - a scroll of random uselessness {unknown}
 f - a scroll of magic mapping {unknown}
 h - 2 scrolls of blinking {unknown}
 i - 4 scrolls of remove curse {unknown}
 j - 3 scrolls of immolation {unknown}
 k - 5 scrolls of identify {unknown}
 r - 4 scrolls of teleportation {unknown}
 s - 2 scrolls of fog {unknown}
 t - a scroll of acquirement {unknown}
 w - a scroll of fear {unknown}
 A - a scroll of enchant armour {unknown}
Potions
 e - 5 potions of agility {unknown}
 g - 3 potions of curing
 l - 2 potions of ambrosia {unknown}
 m - 2 potions of mutation {unknown}
 n - a potion of flight {unknown}
 o - 2 potions of brilliance {unknown}
 v - 2 potions of lignification {unknown}
 z - a potion of heal wounds {unknown}
Comestibles
 c - 15 rations


   Skills:
 + Level 9.1 Fighting
 + Level 7.6 Axes
 + Level 8.7 Armour
 + Level 6.6 Dodging


You had 9 spell levels left.
You didn't know any spells.
Your spell library was empty.

Dungeon Overview and Level Annotations

Branches:
Dungeon (8/15)             Temple (1/1) D:5
   Lair: D:8-11

Altars:
Hepliaklqana
Kikubaaqudgha
Makhleb
Nemelex Xobeh
Qazlal
Ru
Sif Muna
Trog
Uskayaw
Yredelemnul
Zin
The Shining One

Shops:
D:4 [   D:7 ?

Annotations:
D:5 1 runed translucent door


Innate Abilities, Weirdness & Mutations

You are resistant to torment.
Your stone body is resilient. (AC +7)
You are immune to poison.
You resist negative energy. (rN+)
You are resistant to electric shocks. (rElec)
You can survive without breathing.
You are immune to petrification.
You are immune to rotting.


Message History

* * * LOW HITPOINT WARNING * * *
The tengu warrior claws you but does no damage.
Your plate armour prevents you from hitting the tengu warrior.
You slash the slime creature! You barely miss the tengu warrior.
Your plate armour prevents you from hitting the slime creature.
The slime creature hits you but does no damage.
You slice the tengu warrior!!
The tengu warrior is moderately wounded.
You slash the slime creature!
The tengu warrior hits you but does no damage.
The tengu warrior pecks you but does no damage.
The tengu warrior claws you but does no damage.
You barely miss the tengu warrior.
The tengu warrior is moderately wounded.
You slash the slime creature!
You are no longer berserk.
You are exhausted.
You feel yourself slow down. The slime creature hits you!
You die...

#..........###)...###|...##....#
#.##.##.#....###....###........#
#. #.#..>##....###....###......#
# #..[..####....###....###.#..#
###..##..###....###....#.#..#
.....#....###....###.......#
..... #....###....###.....##
###. #.QJ)###....###.#.##
#@...###....#.#.##
###.............##
#############.## #.<.# #.##
##.## #... #.# ###. #.# #. #.#
#. #.# #.


You could see a slime creature and a tengu warrior.

Vanquished Creatures
  A manticore (D:8)
  The ghost of Yackwabbit the Cudgeler, a novice MiFi (D:5)
  Grinder (D:6)
  A wraith (D:8)
  7 yaks
  Sigmund (D:6)
  A vampire mosquito (D:8)
  A soldier ant (D:8)
  A water moccasin (D:6)
  An orc warrior (D:8)
  2 ice beasts (D:7)
  2 phantoms
  An ogre (D:7)
  4 centaurs
  2 bullfrogs
  3 gnoll sergeants (D:7)
  A scorpion (D:6)
  2 crimson imps
  3 hounds (D:7)
  A quasit (D:7)
  4 orc priests
  A bullfrog skeleton (D:5)
  2 gnoll shamans (D:7)
  3 jellies
  Crazy Yiuf (D:6)
  An iguana (D:4)
  Terence (D:3)
  8 orc wizards
  7 worker ants
  A hound skeleton (D:7)
  13 gnolls (D:7)
  A howler monkey skeleton (D:5)
  13 adders
  4 shadow imps
  An ooze (D:2)
  An adder skeleton (D:7)
  7 worms
  8 leopard geckos
  36 orcs
  5 ball pythons
  11 bats
  3 giant cockroaches
  13 goblins
  7 hobgoblins
  12 jackals
  4 quokkas (D:3)
  A ball python skeleton (D:4)
  5 frilled lizards
  10 kobolds
  2 quokka skeletons (D:7)
  5 rats
228 creatures vanquished.

Notes
Turn   | Place    | Note
-------+----------+-------------------------------------------
     0 | D:1      | Fang the Gargoyle Berserker began the quest for the Orb.
     0 | D:1      | Reached XP level 1. HP: 14/14 MP: 1/1
    78 | D:1      | Reached XP level 2. HP: 12/19 MP: 2/2
   424 | D:1      | Reached XP level 3. HP: 21/23 MP: 3/3
   978 | D:2      | Reached ** piety under Trog
  1148 | D:2      | Reached XP level 4. HP: 27/29 MP: 4/4
  1390 | D:2      | Found a stormy altar of Qazlal.
  1399 | D:2      | Found a hazy altar of Hepliaklqana.
  1401 | D:2      | Found a glowing golden altar of the Shining One.
  1405 | D:2      | Found a hide-covered altar of Uskayaw.
  1531 | D:3      | Reached skill level 4 in Fighting
  1589 | D:3      | Noticed Terence
  1616 | D:3      | Killed Terence
  1922 | D:3      | Reached XP level 5. HP: 33/33 MP: 5/5
  2241 | D:3      | Found a sacrificial altar of Ru.
  2440 | D:3      | Reached XP level 6. HP: 34/39 MP: 6/6
  2502 | D:3      | Reached *** piety under Trog
  2639 | D:3      | Found a deep blue altar of Sif Muna.
  2777 | D:4      | Found a glowing silver altar of Zin.
  2859 | D:4      | Found Obla's Antique Armour Shoppe.
  3129 | D:4      | Found a basalt altar of Yredelemnul.
  3227 | D:4      | Reached skill level 5 in Fighting
  3266 | D:5      | Entered Level 5 of the Dungeon
  3285 | D:5      | Reached XP level 7. HP: 27/44 MP: 7/7
  3653 | D:5      | Found a runed translucent door.
  3654 | D:5      | Noticed Yackwabbit's ghost (novice MiFi)
  3746 | D:5      | Found a runed translucent door.
  3858 | D:5      | Found a staircase to the Ecumenical Temple.
  4340 | Temple   | Entered the Ecumenical Temple
  4450 | D:5      | Killed Yackwabbit's ghost
  4450 | D:5      | Reached skill level 6 in Fighting
  4450 | D:5      | Reached skill level 5 in Armour
  4450 | D:5      | Reached XP level 8. HP: 51/51 MP: 8/8
  4714 | D:6      | Reached skill level 5 in Axes
  5261 | D:6      | Noticed Sigmund
  5284 | D:6      | Killed Sigmund
  5507 | D:6      | Reached **** piety under Trog
  5507 | D:6      | Reached XP level 9. HP: 52/56 MP: 9/9
  5512 | D:6      | Noticed Grinder
  5526 | D:6      | Paralysed by Grinder for 3 turns
  5534 | D:6      | Killed Grinder
  5534 | D:6      | Reached skill level 7 in Fighting
  5534 | D:6      | Reached skill level 5 in Dodging
  5769 | D:6      | Found a runed translucent door.
  5770 | D:6      | Noticed Crazy Yiuf
  5778 | D:6      | Killed Crazy Yiuf
  5969 | D:6      | Found a burning altar of Makhleb.
  5969 | D:6      | Noticed a green death
  5972 | D:6      | Noticed a hellwing
  6225 | D:7      | Received a gift from Trog
  6475 | D:7      | Reached skill level 8 in Fighting
  6540 | D:7      | Found Caegyu's Magic Scroll Shoppe.
  6775 | D:7      | Reached XP level 10. HP: 64/64 MP: 10/10
  7435 | D:8      | Found an ancient bone altar of Kikubaaqudgha.
  7512 | D:8      | Found a sparkling altar of Nemelex Xobeh.
  7514 | D:8      | Found a bloodstained altar of Trog.
  8004 | D:8      | Noticed a manticore
  8021 | D:8      | Killed a manticore
  8021 | D:8      | Reached skill level 9 in Fighting
  8388 | D:8      | Noticed a tengu warrior
  8415 | D:8      | Slain by a slime creature

Skill      XL: |  1  2  3  4  5  6  7  8  9 10 |
---------------+-------------------------------+-----
Dodging        | 2 3 4 5 6 |  6.6
Axes           | 3 4 5 6 7 |  7.6
Armour         | 3 4 5 6 7 8 |  8.7
Fighting       | 4 5 6 8 9 |  9.1

Action                   |  1- 3 |  4- 6 |  7- 9 | 10-12 || total
-------------------------+-------+-------+-------+-------++-------
Melee: Hand axe          |   122 |   338 |   534 |   315 ||  1309
Invok: Berserk           |       |     4 |     4 |     2 ||    10
       Trog's Hand       |       |     3 |     1 |       ||     4
  Use: Potion            |       |     2 |       |       ||     2
  Eat: Chunk             |     1 |    11 |    14 |     6 ||    32
       Ration            |       |       |     1 |       ||     1
Armor: Animal skin       |    39 |       |       |       ||    39
       Plate armour      |    29 |   325 |   345 |   234 ||   933
Dodge: Dodged            |    80 |   159 |   199 |   154 ||   592
